 Dungeon Crawl Stone Soup version 0.29.1-2-gbd0b4ee654 (webtiles) character file.

Game seed: 14565509703197728348

584 sanboga the Cudgeller (level 7, 0/62 HPs)
             Began as a Minotaur Monk on Nov 20, 2022.
             Slain by Menkaure (14 damage)
             ... on level 5 of the Dungeon.
             The game lasted 00:07:11 (4758 turns).

sanboga the Cudgeller (Minotaur Monk)               Turns: 4758, Time: 00:07:11

Health: 0/62       AC: 12    Str: 17    XL:     7   Next: 14%
Magic:  0/6        EV:  6    Int:  7    God:
Gold:   29         SH:  0    Dex: 13    Spells: 6/6 levels left

rFire   + . .      SeeInvis .   a - +0 flail
rCold   + . .      Faith    .   (no shield)
rNeg    . . .      Spirit   +   y - +0 plate armour
rPois   .          Reflect  .   (helmet restricted)
rElec   .          Harm     .   q - scarf {rC+ rF+}
rCorr   .          Rampage  .   m - +0 pair of gloves
Will    .....                   j - +0 pair of boots
Stlth   ..........              v - amulet of guardian spirit
HPRegen 0.20/turn               n - ring of flight
MPRegen 0.10/turn               (no ring)

@: flying, invisible
A: horns 2, retaliatory headbutt
a: no special abilities


You were on level 5 of the Dungeon.
You visited 2 branches of the dungeon, and saw 6 of its levels.

You collected 325 gold pieces.
You spent 296 gold pieces at shops.

Inventory:

Hand Weapons
 a - a +0 flail (weapon)
Armour
 j - a +0 pair of boots (worn)
 m - a +0 pair of gloves (worn)
 q - a scarf of resistance (worn)
 y - a +0 plate armour (worn)
Jewellery
 n - a ring of flight (left hand)
 v - an amulet of guardian spirit (around neck)
Wands
 x - a wand of flame (15)
Scrolls
 i - 3 scrolls of teleportation
 k - 2 scrolls of poison {unknown}
 l - 2 scrolls of magic mapping
 o - a scroll of vulnerability {unknown}
 s - a scroll of enchant armour
 t - a scroll of immolation {unknown}
 u - a scroll of blinking {unknown}
Potions
 b - a potion of curing
 c - a potion of ambrosia
 g - a potion of might
 h - 2 potions of haste {unknown}


   Skills:
 + Level 5.8 Fighting
 + Level 5.8 Maces & Flails
 + Level 5.3 Dodging
 + Level 3.7 Stealth


You had 6 spell levels left.
You didn't know any spells.
Your spell library contained the following spells:

 Spells                   Type           Power      Damage    Failure   Level
 Beastly Appendage        Tmut           0%         N/A       100%        1
 Sandblast                Erth           0%         2d4       100%        1
 Passwall                 Tmut/Erth      0%         N/A       100%        2
 Wereblood                Tmut           0%         N/A       100%        2
 Spider Form              Tmut/Pois      0%         N/A       100%        3
 Stone Arrow              Conj/Erth      0%         3d7       100%        3


Dungeon Overview and Level Annotations

Branches:
Dungeon (5/15)             Temple (1/1) D:5

Altars:
Ashenzari
Cheibriados
Dithmenos
Elyvilon
Gozag
Kikubaaqudgha
Makhleb
Qazlal
Trog
Uskayaw
Vehumet
Wu Jian
Xom
Yredelemnul
Zin
The Shining One

Shops:
D:4 ***=

Annotations:
D:5 Menkaure


Innate Abilities, Weirdness & Mutations

You have a pair of horns on your head.
You reflexively headbutt those who attack you in melee.


Message History

A gnoll comes into view. It is wielding a +2 vorpal spear.
You hit Menkaure but do no damage.
Menkaure murmurs, "Let me perform the rites..."
Menkaure hits you!
You hit Menkaure. You headbutt Menkaure!
Menkaure is moderately damaged.
Menkaure gestures at you while chanting.
Pain shoots through your body! Menkaure hits you.
* * * LOW HITPOINT WARNING * * *
You are too injured to fight recklessly!
You are too injured to fight recklessly!
You feel much better. Menkaure hits you.
You completely miss Menkaure.
Menkaure is moderately damaged.
Menkaure hits you but does no damage.
A gnoll comes into view. It is wielding a +0 flail.
The gnoll shouts!
You hit Menkaure.
Menkaure is moderately damaged.
You hear a shout!
Menkaure calls on the powers of darkness!
Your body is wracked with pain!
The gnoll convulses! x2; Menkaure hits you!
* * * LOW HITPOINT WARNING * * *
You feel much better.
The gnoll hits you from afar with a +2 vorpal spear.
* * * LOW HITPOINT WARNING * * *
Menkaure hits you but does no damage.
You fade into invisibility!
The gnoll hits you but does no damage. Menkaure casts a spell at you.
Pain shoots through your body!
* * * LOW HITPOINT WARNING * * *
You barely miss Menkaure.
Menkaure is moderately damaged.
Menkaure hits you.
* * * LOW HITPOINT WARNING * * *
You completely miss Menkaure.
Menkaure is moderately damaged.
Menkaure hits you!
You die...

##.......##
##.#.....##
##.....##
###....##
##...##
#.#.##
##+## #.###
#.# #.# #.#
#.#######.#
.>.gg.M@..#
#(#########


You could see Menkaure (fast) and 2 gnolls.

Vanquished Creatures
  Sigmund (D:4)
  2 scorpions (D:4)
  2 howler monkeys (D:4)
  2 orc wizards
  4 gnolls
  4 adders
  3 worms
  A dart slug (D:2)
  8 orcs
  8 ball pythons
  7 bats
  12 endoplasms
  2 giant cockroaches (D:1)
  6 goblins
  10 hobgoblins
  3 jackals (D:2)
  8 kobolds
  3 quokkas (D:1)
  4 frilled lizards
  8 rats
98 creatures vanquished.

Notes
Turn   | Place    | Note
-------+----------+-------------------------------------------
     0 | D:1      | sanboga the Minotaur Monk began the quest for the Orb.
     0 | D:1      | Reached XP level 1. HP: 19/19 MP: 0/0
   279 | D:1      | Found a faded altar of an unknown god.
   314 | D:1      | Reached XP level 2. HP: 20/27 MP: 1/1
   759 | D:1      | Reached XP level 3. HP: 32/33 MP: 2/2
  1564 | D:2      | Reached XP level 4. HP: 40/40 MP: 3/3
  2558 | D:3      | Found an opulent altar of Gozag.
  2981 | D:4      | Noticed a scorpion
  2991 | D:4      | Killed a scorpion
  2992 | D:4      | Reached XP level 5. HP: 45/47 MP: 4/4
  2992 | D:4      | Found Yhokk's Jewellery Boutique.
  3092 | D:4      | Found Vycreal's Assorted Antiques.
  3232 | D:4      | Bought a scroll labelled DYSEUTHEOR for 17 gold pieces
  3232 | D:4      | Bought a scroll labelled GODAZXUOKA for 17 gold pieces
  3232 | D:4      | Bought a lumpy garnet amulet for 85 gold pieces
  3384 | D:3      | Reached skill level 5 in Maces & Flails
  3390 | D:3      | Reached skill level 5 in Fighting
  3554 | D:4      | Reached XP level 6. HP: 44/56 MP: 3/5
  3560 | D:4      | Noticed Sigmund
  3647 | D:4      | Killed Sigmund
  3648 | D:4      | Reached skill level 5 in Dodging
  3775 | D:4      | Reached XP level 7. HP: 45/62 MP: 4/6
  3893 | D:4      | Found Gayhi's General Store.
  3902 | D:4      | Bought a scroll of enchant armour for 90 gold pieces
  3902 | D:4      | Bought a potion of degeneration for 12 gold pieces
  3902 | D:4      | Bought a scroll of teleportation for 36 gold pieces
  3913 | D:4      | Found a stormy altar of Qazlal.
  4139 | D:4      | Found Isson's General Store.
  4152 | D:4      | Bought a scroll of identify for 26 gold pieces
  4303 | D:5      | Entered Level 5 of the Dungeon
  4312 | D:5      | Found a shimmering altar of Xom.
  4403 | D:4      | Bought a scroll of noise for 13 gold pieces
  4458 | D:5      | Found a staircase to the Ecumenical Temple.
  4470 | Temple   | Entered the Ecumenical Temple
  4747 | D:5      | Noticed Menkaure
  4758 | D:5      | Slain by Menkaure

Illustrated notes

Levels and vault maps discovered:
D:1:      ncdulo_wetmaze, layout_loops_cross, nicolae_ecumenical_snake_handling,
          minmay_tripent
D:2:      layout_rooms
D:3:      layout_basic, mainiacjoe_overflow_paths
D:4:      layout_basic, mainiacjoe_overflow_surrounded_room, serial_shops,
          nicolae_shop_window_shopping, nicolae_shop_waterfront,
          nicolae_shop_trees, nicolae_shop_statue_plus, abandoned_shop,
          uniq_sigmund
D:5:      layout_loops_corners, mainiacjoe_overflow_concentric_impassable,
          kennysheep_mini, minmay_temple_entry_statues_fountains, serial_rivers,
          chequers_serial_rivers_micro_e, chequers_serial_rivers_large_b,
          chequers_serial_rivers_small_a, chequers_serial_rivers_room_b,
          uniq_menkaure
Temple:   nicolae_temple_figure_eight

Skill      XL: |  1  2  3  4  5  6 |
---------------+-------------------+-----
Stealth        | 2 3 |  3.7
Maces & Flails | 4 5 |  5.8
Fighting       | 4 5 |  5.8
Dodging        | 4 5 |  5.3

Action                   |  1- 3 |  4- 6 |  7- 9 || total
-------------------------+-------+-------+-------++-------
Melee: Mace              |    92 |    98 |    11 ||   201
       Headbutt          |    13 |    20 |    15 ||    48
       Punch             |       |     1 |     1 ||     2
       Flail             |       |       |    33 ||    33
  Use: Scroll            |       |     1 |     5 ||     6
       Potion            |       |     1 |     3 ||     4
 Stab: Sleeping          |     3 |     3 |       ||     6
       Distracted        |     1 |     1 |       ||     2
Armor: Robe              |    15 |     8 |       ||    23
       Ring mail         |       |    22 |     3 ||    25
       Plate armour      |       |       |    28 ||    28
Dodge: Dodged            |    64 |    69 |    12 ||   145
